Blackhawks vs Predators
(R1)
Created - November 2, 2020 at 19:24
Goals
|
| Blackhawks |
0 |
0 |
2 |
0 |
2 |
| Predators |
1 |
1 |
0 |
1 |
3 |
|
Shots
|
| Blackhawks |
8 |
11 |
11 |
0 |
30 |
| Predators |
10 |
7 |
6 |
1 |
24 |
|
1st period
1. Predators , Alexander Ovechkin 4 (Ryan Kesler 4, Brendan Gallagher 3) at 11:27 (PP)
Penalties :
Justin Abdelkader (Nas) for Tripping (Minor) at 2:16, Mikael Granlund (Nas) for Holding (Minor) at 8:26, Tim Connolly (Chi) for Interference (Minor) at 11:12
2nd period
2. Predators , Alexander Edler 1 (Ryan Kesler 5, Alexander Ovechkin 5) at 14:03 (PP)
Penalties :
Justin Abdelkader (Nas) for Roughing (Minor) at 2:17, John Carlson (Chi) for Cross-checking (Minor) at 2:20, Jaden Schwartz (Nas) for Holding (Minor) at 7:29, Brendan Lemieux (Chi) for Hooking (Minor) at 9:52, Tim Connolly (Chi) for Slashing (Minor) at 13:50, Brendan Gallagher (Nas) for Holding (Minor) at 14:14, Patrick Marleau (Chi) for Tripping (Minor) at 15:22, Jack Eichel (Nas) for Slashing (Minor) at 18:32
3rd period
3. Blackhawks , Brad Boyes 1 (Antoine Roussel 5, Shea Weber 3) at 14:01 (PP)
4. Blackhawks , Shea Weber 2 (Rick Nash 3, Derick Brassard 6) at 19:31
Penalties :
Dmitri Kalinin (Nas) for Unsportsmanlike conduct (Minor) at 2:32, Ryan Kesler (Nas) for Hooking (Minor) at 8:21, Justin Faulk (Nas) for Boarding (Minor) at 13:24
Overtime #1
5. Predators , Brendan Gallagher 3 (Justin Faulk 6, Alexander Ovechkin 6) at 0:49
Penalties :
No Penalty
Goalie Stats
Pekka Rinne (Chi), 21 saves from 24 shots - (0.875), OTL, 0-1-1, 60:13 minutes
Viktor Fasth (Nas), 28 saves from 30 shots - (0.933), W, 3-1-1, 60:49 minutes
Players Stats for Blackhawks
Player Name G A P +/- PIM S H SB GA TA FO MP PP MP PK MP
------------------------------------------------------------------------------------
Alexander Wennberg 0 0 0 0 0 1 1 2 0 0 1/4 8:17 0:00 0:01
Antoine Roussel 0 1 1 0 0 5 0 0 1 0 1/1 20:51 6:12 0:00
Brad Boyes 1 0 1 0 0 4 3 0 0 0 0/0 14:46 6:12 0:00
Brendan Lemieux 0 0 0 0 2 1 1 0 0 0 1/2 8:38 0:11 0:10
Cody Hodgson 0 0 0 0 0 1 1 1 0 0 7/14 20:01 6:12 1:31
Derick Brassard 0 1 1 1 0 1 3 0 0 0 17/39 22:37 7:19 0:47
Dougie Hamilton 0 0 0 0 0 0 0 2 0 2 0/0 23:56 5:23 0:00
Gabriel Bourque 0 0 0 0 0 1 1 0 0 0 0/0 8:19 0:00 1:13
John Carlson 0 0 0 1 2 4 0 1 1 1 0/0 28:25 8:18 2:15
Matthew Spiller 0 0 0 0 0 0 0 2 0 0 0/0 11:59 0:00 1:01
Nathan Horton 0 0 0 0 0 1 0 2 0 0 1/2 11:45 0:11 0:04
Nick Leddy 0 0 0 0 0 0 2 0 0 1 0/0 17:22 5:23 0:00
Patrick Marleau 0 0 0 0 2 3 1 2 1 1 0/0 21:30 7:12 1:30
Rick Nash 0 1 1 1 0 0 0 0 0 0 0/2 19:54 7:19 0:25
Seth Jones 0 0 0 -1 0 3 0 0 0 2 0/0 14:06 0:00 1:23
Shea Weber 1 1 2 0 0 3 6 2 0 1 0/0 25:50 8:19 2:37
Stefan Ruzicka 0 0 0 0 0 1 1 0 0 0 0/0 8:06 0:00 0:00
Tim Connolly 0 0 0 -1 4 1 0 1 0 0 2/7 10:24 0:17 1:35
Players Stats for Predators
Player Name G A P +/- PIM S H SB GA TA FO MP PP MP PK MP
------------------------------------------------------------------------------------
Alex Killorn 0 0 0 0 0 0 0 0 0 0 0/0 5:25 0:00 0:00
Alexander Edler 1 0 1 0 0 3 2 2 2 1 0/0 29:41 2:11 8:35
Alexander Ovechkin 1 2 3 0 0 3 0 0 1 1 0/1 19:02 1:56 1:05
Andy Miele 0 0 0 -1 0 0 0 0 0 0 13/22 16:53 0:06 7:46
Brendan Gallagher 1 1 2 1 2 3 1 0 0 0 1/3 18:09 1:59 2:16
Byron Bitz 0 0 0 0 0 2 0 1 1 0 0/0 13:16 0:00 4:42
Dmitri Kalinin 0 0 0 0 2 0 0 1 0 0 0/0 9:42 0:00 0:00
Jack Eichel 0 0 0 0 2 1 0 0 0 0 9/14 13:41 1:36 0:00
Jaden Schwartz 0 0 0 -1 2 1 0 0 0 1 0/1 17:58 1:36 3:52
John Moore 0 0 0 0 0 1 0 2 1 0 0/0 21:40 1:27 5:07
Justin Abdelkader 0 0 0 0 4 1 2 0 0 0 0/0 8:44 0:03 0:00
Justin Faulk 0 1 1 1 2 0 1 1 0 0 0/0 15:46 1:27 0:00
Mark Pysyk 0 0 0 -1 0 1 1 0 0 0 1/1 13:33 0:00 7:43
Mikael Granlund 0 0 0 0 2 2 3 0 2 0 4/5 15:10 1:23 0:00
Nate Schmidt 0 0 0 0 0 1 1 3 1 0 0/0 15:05 0:00 5:07
Nik Antropov 0 0 0 0 0 0 0 0 0 0 2/2 6:53 0:16 0:00
Ryan Kesler 0 2 2 1 2 3 1 0 0 0 11/22 16:03 1:59 0:00
Ryan Mcdonagh 0 0 0 -1 0 2 0 0 0 0 0/0 29:57 2:11 8:35
3 Stars
1 - Shea Weber (Chi)
2 - Alexander Ovechkin (Nas)
3 - Brendan Gallagher (Nas)
Power Play
Blackhawks - 1 on 9 Attempt(s) - 11.11%
Predators - 2 on 5 Attempt(s) - 40.00%
Penalty Kill
Blackhawks - 3 on 5 Attempt(s) - 60.00%
- Score 0 goal in Penalty Kill
Predators - 8 on 9 Attempt(s) - 88.89%
- Score 0 goal in Penalty Kill
Team Stat
Blackhawks - Hits : 20 - Faceoff Wins : 30 - Blocked Shots : 15 - Penalty Minutes : 10
Predators - Hits : 12 - Faceoff Wins : 41 - Blocked Shots : 10 - Penalty Minutes : 18
Official
Referees : Unknown
Linesman : Unknown
Game Notes
No Game Note
Finance
Level 1 -- Attendance: 5134 (85.57%) -- Ticket Income $564,740
Level 2 -- Attendance: 4385 (87.70%) -- Ticket Income $298,180
Level 3 -- Attendance: 1712 (85.60%) -- Ticket Income $77,040
Level 4 -- Attendance: 3506 (87.65%) -- Ticket Income $105,180
Luxury Box -- Attendance: 828 (82.80%) -- Ticket Income $165,600
Game was played at the Wildcat center.
Total Attendance: 15565 (86.47%)
Total Ticket Income: $1,210,740
Other Income: $181,611
Total Income: $1,392,351
Blackhawks
5 vs 5 Forward
Center Left Wing Right Wing Time % Phy DF OF
1 Derick Brassard Patrick Marleau Rick Nash 40 1 2 2
2 Cody Hodgson Antoine Roussel Nathan Horton 30 1 2 2
3 Tim Connolly Gabriel Bourque Brad Boyes 20 1 2 2
4 Alexander Wennberg Brendan Lemieux Stefan Ruzicka 10 1 2 2
5 vs 5 Defense
Defense Defense Time % Phy DF OF
1 John Carlson Dougie Hamilton 40 1 2 2
2 Seth Jones Shea Weber 30 1 2 2
3 Matthew Spiller Nick Leddy 20 1 2 2
4 John Carlson Shea Weber 10 1 2 2
PowerPlay Forward
Center Left Wing Right Wing Time % Phy DF OF
1 Derick Brassard Patrick Marleau Rick Nash 60 1 2 2
2 Cody Hodgson Antoine Roussel Brad Boyes 40 1 2 2
PowerPlay Defense
Defense Defense Time % Phy DF OF
1 John Carlson Shea Weber 60 1 2 2
2 Nick Leddy Dougie Hamilton 40 1 2 2
Penalty Kill 4 Players Forward
Center Wing Time % Phy DF OF
1 Tim Connolly Patrick Marleau 60 1 2 2
2 Derick Brassard Rick Nash 40 1 2 2
Penalty Kill 4 Players Defense
Defense Defense Time % Phy DF OF
1 John Carlson Shea Weber 60 1 2 2
2 Seth Jones Matthew Spiller 40 1 2 2
Penalty Kill - 3 Players Forward
Forward Time % Phy DF OF
1 Tim Connolly 60 1 2 2
2 Derick Brassard 40 1 2 2
Penalty Kill - 3 Players Defense
Defense Defense Time % Phy DF OF
1 John Carlson Shea Weber 60 1 2 2
2 Seth Jones Matthew Spiller 40 1 2 2
4 vs 4 Forward
Center Wing Time % Phy DF OF
1 Derick Brassard Antoine Roussel 60 1 2 2
2 Tim Connolly Patrick Marleau 40 1 2 2
4 vs 4 Defense
Defense Defense Time % Phy DF OF
1 John Carlson Dougie Hamilton 60 1 2 2
2 Seth Jones Shea Weber 40 1 2 2
Last Minutes Offensive
Center Left Wing Right Wing Defense Defense
Derick Brassard Patrick Marleau Rick Nash John Carlson Shea Weber
Last Minutes Defensive
Center Left Wing Right Wing Defense Defense
Tim Connolly Patrick Marleau Rick Nash John Carlson Shea Weber
Goaltenders
Starting : Pekka Rinne
Backup : Jonas Gustavsson
Extra Forwards
Normal : Nathan Horton, Alexander Wennberg, Cody Hodgson - PP : Tim Connolly, Brendan Lemieux - PK : Cody Hodgson
Extra Defensemen
Normal : Matthew Spiller, Nick Leddy, Seth Jones - PP : Seth Jones - PK : Nick Leddy, Dougie Hamilton
Penalty Shots
Patrick Marleau, Antoine Roussel, Derick Brassard, Rick Nash, Cody Hodgson
Scratches
Chris Kreider (Right Knee Injury)
Predators
5 vs 5 Forward
Center Left Wing Right Wing Time % Phy DF OF
1 Ryan Kesler Alexander Ovechkin Brendan Gallagher 40 1 2 2
2 Jack Eichel Jaden Schwartz Mikael Granlund 30 1 2 2
3 Andy Miele Justin Abdelkader Byron Bitz 20 1 2 2
4 Nik Antropov Alex Killorn Mark Pysyk 10 1 2 2
5 vs 5 Defense
Defense Defense Time % Phy DF OF
1 Ryan Mcdonagh Alexander Edler 40 1 2 2
2 John Moore Justin Faulk 30 1 2 2
3 Nate Schmidt Dmitri Kalinin 20 1 2 2
4 Ryan Mcdonagh Alexander Edler 10 1 2 2
PowerPlay Forward
Center Left Wing Right Wing Time % Phy DF OF
1 Ryan Kesler Alexander Ovechkin Brendan Gallagher 55 1 1 3
2 Jack Eichel Jaden Schwartz Mikael Granlund 45 1 1 3
PowerPlay Defense
Defense Defense Time % Phy DF OF
1 Ryan Mcdonagh Alexander Edler 60 1 1 3
2 John Moore Justin Faulk 40 1 1 3
Penalty Kill 4 Players Forward
Center Wing Time % Phy DF OF
1 Andy Miele Mark Pysyk 60 1 2 2
2 Jaden Schwartz Byron Bitz 40 1 2 2
Penalty Kill 4 Players Defense
Defense Defense Time % Phy DF OF
1 Ryan Mcdonagh Alexander Edler 60 1 3 1
2 John Moore Nate Schmidt 40 1 3 1
Penalty Kill - 3 Players Forward
Forward Time % Phy DF OF
1 Andy Miele 60 1 3 1
2 Byron Bitz 40 1 3 1
Penalty Kill - 3 Players Defense
Defense Defense Time % Phy DF OF
1 Ryan Mcdonagh Alexander Edler 60 1 3 1
2 John Moore Nate Schmidt 40 1 3 1
4 vs 4 Forward
Center Wing Time % Phy DF OF
1 Mikael Granlund Alexander Ovechkin 60 1 2 2
2 Ryan Kesler Brendan Gallagher 40 1 2 2
4 vs 4 Defense
Defense Defense Time % Phy DF OF
1 Ryan Mcdonagh Alexander Edler 60 1 2 2
2 John Moore Justin Faulk 40 1 2 2
Last Minutes Offensive
Center Left Wing Right Wing Defense Defense
Ryan Kesler Alexander Ovechkin Brendan Gallagher Ryan Mcdonagh Alexander Edler
Last Minutes Defensive
Center Left Wing Right Wing Defense Defense
Andy Miele Jaden Schwartz Mark Pysyk Ryan Mcdonagh John Moore
Goaltenders
Starting : Viktor Fasth
Backup : Anders Lindback
Extra Forwards
Normal : Andy Miele, Justin Abdelkader, Byron Bitz - PP : Nik Antropov, Justin Abdelkader - PK : Brendan Gallagher
Extra Defensemen
Normal : Nate Schmidt, Dmitri Kalinin, John Moore - PP : Dmitri Kalinin - PK : Nate Schmidt, John Moore
Penalty Shots
Brendan Gallagher, Mikael Granlund, Alexander Ovechkin, Ryan Kesler, Andy Miele
Scratches
None
% Time on Ice - Blackhawks
Lines # - Real PCT - Wanted PCT - Time Play
Normal Forward
1 - 30% - 40% - 11:40
2 - 31% - 30% - 12:18
3 - 18% - 20% - 7:06
4 - 21% - 10% - 8:06
Normal Defense
1 - 40% - 40% - 15:41
2 - 32% - 30% - 12:41
3 - 25% - 20% - 9:44
4 - 3% - 10% - 1:04
PP Forward
1 - 55% - 60% - 7:30
2 - 45% - 40% - 6:12
PP Defense
1 - 61% - 60% - 8:19
2 - 39% - 40% - 5:23
PK Forward
1 - 87% - 60% - 3:10
2 - 13% - 40% - 0:28
PK Defense
1 - 62% - 60% - 2:15
2 - 38% - 40% - 1:23
PK3 Forward
1 - 0% - 60%
2 - 0% - 40%
PK3 Defense
1 - 0% - 60%
2 - 0% - 40%
44 Forward
1 - 70% - 60% - 2:31
2 - 30% - 40% - 1:05
44 Defense
1 - 58% - 60% - 2:06
2 - 42% - 40% - 1:30
Last Minute Offensive - 0:43
Last Minute Defensive - 0:00
Total
Forward - 60:49
Defense - 60:49
|
% Time on Ice - Predators
Lines # - Real PCT - Wanted PCT - Time Play
Normal Forward
1 - 34% - 40% - 13:39
2 - 31% - 30% - 12:14
3 - 21% - 20% - 8:19
4 - 14% - 10% - 5:25
Normal Defense
1 - 41% - 40% - 16:06
2 - 34% - 30% - 13:18
3 - 24% - 20% - 9:28
4 - 2% - 10% - 0:45
PP Forward
1 - 53% - 55% - 1:56
2 - 47% - 45% - 1:42
PP Defense
1 - 60% - 60% - 2:11
2 - 40% - 40% - 1:27
PK Forward
1 - 66% - 60% - 9:00
2 - 34% - 40% - 4:42
PK Defense
1 - 63% - 60% - 8:35
2 - 37% - 40% - 5:07
PK3 Forward
1 - 0% - 60%
2 - 0% - 40%
PK3 Defense
1 - 0% - 60%
2 - 0% - 40%
44 Forward
1 - 70% - 60% - 2:31
2 - 30% - 40% - 1:05
44 Defense
1 - 57% - 60% - 2:04
2 - 43% - 40% - 1:32
Last Minute Offensive - 0:00
Last Minute Defensive - 0:16
Total
Forward - 60:49
Defense - 60:49
|
Play-by-Play
1st period
0:01 of 1st period - Ryan Kesler wins face-off versus Derick Brassard in neutral zone.
1:13 of 1st period - Snap shot by Mark Pysyk.
1:13 of 1st period - Shot Misses the Net.
1:15 of 1st period - Snap shot by Alex Killorn.
1:15 of 1st period - Shot Misses the Net.
1:17 of 1st period - Snap shot by Mark Pysyk.
1:17 of 1st period - Shot Misses the Net.
1:45 of 1st period - Icing by Dmitri Kalinin.
1:46 of 1st period - Nathan Horton wins face-off versus Alexander Ovechkin in Predators zone.
1:47 of 1st period - Snap shot by Antoine Roussel.
1:47 of 1st period - Stopped by Viktor Fasth with a rebound.
1:49 of 1st period - Snap shot by Cody Hodgson.
1:49 of 1st period - Deflect By Antoine Roussel.
1:49 of 1st period - Stopped by Viktor Fasth without a rebound.
1:50 of 1st period - Jack Eichel wins face-off versus Cody Hodgson in Predators zone.
1:55 of 1st period - Slapshot by Alexander Edler.
1:55 of 1st period - Deflect By Mikael Granlund.
1:55 of 1st period - Shot Blocked by Nathan Horton.
1:55 of 1st period - Puck is out of play.
1:56 of 1st period - Cody Hodgson wins face-off versus Jack Eichel in Blackhawks zone.
1:56 of 1st period - Cody Hodgson is hit by Mikael Granlund.
2:09 of 1st period - Icing by Ryan Mcdonagh.
2:10 of 1st period - Derick Brassard wins face-off versus Jack Eichel in Predators zone.
2:11 of 1st period - Wrist shot by Patrick Marleau.
2:11 of 1st period - Stopped by Viktor Fasth without a rebound.
2:12 of 1st period - Derick Brassard wins face-off versus Andy Miele in Predators zone.
2:16 of 1st period - Minor Penalty to Justin Abdelkader for Tripping.
2:17 of 1st period - Derick Brassard wins face-off versus Andy Miele in Predators zone.
2:17 of 1st period - Snap shot by Patrick Marleau.
2:17 of 1st period - Shot Misses the Net.
2:19 of 1st period - Slapshot by John Carlson.
2:19 of 1st period - Stopped by Viktor Fasth without a rebound.
2:20 of 1st period - Andy Miele wins face-off versus Derick Brassard in Predators zone.
2:35 of 1st period - Snap shot by Derick Brassard.
2:35 of 1st period - Shot Misses the Net.
4:16 of 1st period - Penalty to Justin Abdelkader is over, Justin Abdelkader is back on ice.
4:31 of 1st period - Icing by Alexander Wennberg.
4:32 of 1st period - Jack Eichel wins face-off versus Alexander Wennberg in Blackhawks zone.
4:43 of 1st period - Wrist shot by Jaden Schwartz.
4:43 of 1st period - Stopped by Pekka Rinne without a rebound.
4:44 of 1st period - Cody Hodgson wins face-off versus Ryan Kesler in Blackhawks zone.
4:51 of 1st period - Snap shot by Cody Hodgson.
4:51 of 1st period - Shot Misses the Net.
4:53 of 1st period - Snap shot by Antoine Roussel.
4:53 of 1st period - Shot Misses the Net.
5:11 of 1st period - Matthew Spiller is hit by Justin Abdelkader and loses puck.
5:18 of 1st period - Snap shot by Byron Bitz.
5:18 of 1st period - Stopped by Pekka Rinne with a rebound.
5:20 of 1st period - Slapshot by John Moore.
5:20 of 1st period - Stopped by Pekka Rinne with a rebound.
6:39 of 1st period - Snap shot by Justin Abdelkader.
6:39 of 1st period - Shot Blocked by Tim Connolly.
6:41 of 1st period - Slapshot by Byron Bitz.
6:41 of 1st period - Stopped by Pekka Rinne without a rebound.
6:42 of 1st period - Tim Connolly wins face-off versus Andy Miele in Blackhawks zone.
7:30 of 1st period - Snap shot by Brendan Gallagher.
7:30 of 1st period - Stopped by Pekka Rinne with a rebound.
8:26 of 1st period - Minor Penalty to Mikael Granlund for Holding.
8:27 of 1st period - Andy Miele wins face-off versus Derick Brassard in Predators zone.
10:26 of 1st period - Penalty to Mikael Granlund is over, Mikael Granlund is back on ice.
10:32 of 1st period - Icing by Shea Weber.
10:33 of 1st period - Ryan Kesler wins face-off versus Alexander Wennberg in Blackhawks zone.
10:58 of 1st period - Brad Boyes is hit by Mikael Granlund and loses puck.
11:03 of 1st period - Snap shot by Jaden Schwartz.
11:03 of 1st period - Shot Blocked by John Carlson.
11:05 of 1st period - Wrist shot by Jaden Schwartz.
11:05 of 1st period - Shot Misses the Net.
11:07 of 1st period - Snap shot by Jaden Schwartz.
11:07 of 1st period - Shot Misses the Net.
11:12 of 1st period - Minor Penalty to Tim Connolly for Interference.
11:13 of 1st period - Ryan Kesler wins face-off versus Cody Hodgson in Blackhawks zone.
11:27 of 1st period - Wrist shot by Alexander Ovechkin.
11:27 of 1st period - Goal by Alexander Ovechkin - Blackhawks : 0 - Predators : 1.
11:28 of 1st period - Ryan Kesler wins face-off versus Derick Brassard in neutral zone.
11:39 of 1st period - Wrist shot by Brendan Gallagher.
11:39 of 1st period - Deflect By Ryan Kesler.
11:39 of 1st period - Stopped by Pekka Rinne without a rebound.
11:40 of 1st period - Ryan Kesler wins face-off versus Derick Brassard in Blackhawks zone.
11:41 of 1st period - Wrist shot by Brendan Gallagher.
11:41 of 1st period - Stopped by Pekka Rinne without a rebound.
11:42 of 1st period - Derick Brassard wins face-off versus Ryan Kesler in Blackhawks zone.
11:46 of 1st period - Off-side.
11:47 of 1st period - Ryan Kesler wins face-off versus Derick Brassard in neutral zone.
12:26 of 1st period - Snap shot by Mikael Granlund.
12:26 of 1st period - Shot Blocked by Dougie Hamilton.
13:25 of 1st period - Alexander Ovechkin is hit by Brad Boyes and loses puck.
13:50 of 1st period - Seth Jones is hit by Mikael Granlund and loses puck.
14:41 of 1st period - Slapshot by Derick Brassard.
14:41 of 1st period - Shot Blocked by Nate Schmidt.
14:55 of 1st period - Wrist shot by Patrick Marleau.
14:55 of 1st period - Deflect By Derick Brassard.
14:55 of 1st period - Shot Misses the Net.
14:55 of 1st period - Puck is out of play.
14:56 of 1st period - Jack Eichel wins face-off versus Cody Hodgson in Predators zone.
15:31 of 1st period - Snap shot by Alexander Wennberg.
15:31 of 1st period - Stopped by Viktor Fasth without a rebound.
15:32 of 1st period - Alexander Wennberg wins face-off versus Ryan Kesler in Predators zone.
15:33 of 1st period - Snap shot by Stefan Ruzicka.
15:33 of 1st period - Stopped by Viktor Fasth without a rebound.
15:34 of 1st period - Ryan Kesler wins face-off versus Alexander Wennberg in Predators zone.
15:34 of 1st period - Ryan Kesler is hit by Shea Weber.
15:50 of 1st period - Snap shot by Alexander Ovechkin.
15:50 of 1st period - Shot Misses the Net.
16:31 of 1st period - Snap shot by Mikael Granlund.
16:31 of 1st period - Deflect By Jaden Schwartz.
16:31 of 1st period - Shot Misses the Net.
16:31 of 1st period - Puck is out of play.
16:32 of 1st period - Derick Brassard wins face-off versus Ryan Kesler in Blackhawks zone.
16:39 of 1st period - Snap shot by Derick Brassard.
16:39 of 1st period - Deflect By Rick Nash.
16:39 of 1st period - Shot Blocked by Nate Schmidt.
16:39 of 1st period - Puck is out of play.
16:40 of 1st period - Ryan Kesler wins face-off versus Derick Brassard in Predators zone.
16:53 of 1st period - Snap shot by Ryan Kesler.
16:53 of 1st period - Shot Misses the Net.
17:08 of 1st period - Slapshot by John Carlson.
17:08 of 1st period - Stopped by Viktor Fasth without a rebound.
17:09 of 1st period - Cody Hodgson wins face-off versus Jack Eichel in Predators zone.
17:10 of 1st period - Slapshot by Antoine Roussel.
17:10 of 1st period - Shot Blocked by Alexander Edler.
17:13 of 1st period - Icing by Alexander Edler.
17:14 of 1st period - Jack Eichel wins face-off versus Cody Hodgson in Predators zone.
18:01 of 1st period - Snap shot by Brad Boyes.
18:01 of 1st period - Stopped by Viktor Fasth with a rebound.
18:15 of 1st period - Andy Miele is hit by Shea Weber and loses puck.
18:54 of 1st period - Snap shot by Jaden Schwartz.
18:54 of 1st period - Shot Blocked by Dougie Hamilton.
18:56 of 1st period - Snap shot by Mikael Granlund.
18:56 of 1st period - Shot Blocked by Cody Hodgson.
18:58 of 1st period - Slapshot by Jack Eichel.
18:58 of 1st period - Stopped by Pekka Rinne without a rebound.
18:59 of 1st period - Ryan Kesler wins face-off versus Derick Brassard in Blackhawks zone.
19:33 of 1st period - Slapshot by Alexander Edler.
19:33 of 1st period - Stopped by Pekka Rinne with a rebound.
19:45 of 1st period - Andy Miele is hit by Brad Boyes and loses puck.
Goals for this period are 0 for Blackhawks vs 1 for Predators.
Shots for this period are 8 for Blackhawks vs 10 for Predators.
2nd period
0:01 of 2nd period - Derick Brassard wins face-off versus Ryan Kesler in neutral zone.
0:54 of 2nd period - Snap shot by Stefan Ruzicka.
0:54 of 2nd period - Shot Misses the Net.
0:56 of 2nd period - Snap shot by Stefan Ruzicka.
0:56 of 2nd period - Shot Misses the Net.
0:58 of 2nd period - Slapshot by Seth Jones.
0:58 of 2nd period - Shot Blocked by Byron Bitz.
1:00 of 2nd period - Slapshot by Seth Jones.
1:00 of 2nd period - Stopped by Viktor Fasth with a rebound.
2:16 of 2nd period - Wrist shot by Andy Miele.
2:16 of 2nd period - Shot Blocked by Alexander Wennberg.
2:17 of 2nd period - Minor Penalty to Justin Abdelkader for Roughing.
2:18 of 2nd period - Derick Brassard wins face-off versus Andy Miele in Predators zone.
2:20 of 2nd period - Minor Penalty to John Carlson for Cross-checking.
2:21 of 2nd period - Mikael Granlund wins face-off versus Derick Brassard in Blackhawks zone.
2:23 of 2nd period - Slapshot by Mikael Granlund.
2:23 of 2nd period - Shot Misses the Net.
2:25 of 2nd period - Slapshot by Alexander Ovechkin.
2:25 of 2nd period - Deflect By Mikael Granlund.
2:25 of 2nd period - Shot Blocked by Matthew Spiller.
2:25 of 2nd period - Puck is out of play.
2:26 of 2nd period - Mikael Granlund wins face-off versus Derick Brassard in Blackhawks zone.
2:35 of 2nd period - Slapshot by Mikael Granlund.
2:35 of 2nd period - Stopped by Pekka Rinne with a rebound.
3:05 of 2nd period - Alexander Edler is hit by Shea Weber and loses puck.
3:12 of 2nd period - Snap shot by Tim Connolly.
3:12 of 2nd period - Deflect By Patrick Marleau.
3:12 of 2nd period - Stopped by Viktor Fasth with a rebound.
3:14 of 2nd period - Slapshot by Seth Jones.
3:14 of 2nd period - Shot Misses the Net.
3:16 of 2nd period - Wrist shot by Seth Jones.
3:16 of 2nd period - Deflect By Ryan Mcdonagh.
3:16 of 2nd period - Stopped by Viktor Fasth without a rebound.
3:17 of 2nd period - Mikael Granlund wins face-off versus Derick Brassard in Predators zone.
4:17 of 2nd period - Penalty to Justin Abdelkader is over, Justin Abdelkader is back on ice.
4:20 of 2nd period - Penalty to John Carlson is over, John Carlson is back on ice.
5:06 of 2nd period - Snap shot by Antoine Roussel.
5:06 of 2nd period - Shot Blocked by Dmitri Kalinin.
5:08 of 2nd period - Wrist shot by Cody Hodgson.
5:08 of 2nd period - Deflect By Antoine Roussel.
5:08 of 2nd period - Stopped by Viktor Fasth without a rebound.
5:09 of 2nd period - Andy Miele wins face-off versus Cody Hodgson in Predators zone.
5:16 of 2nd period - Icing by Andy Miele.
5:17 of 2nd period - Andy Miele wins face-off versus Derick Brassard in Predators zone.
5:33 of 2nd period - Wrist shot by Derick Brassard.
5:33 of 2nd period - Stopped by Viktor Fasth without a rebound.
5:34 of 2nd period - Cody Hodgson wins face-off versus Brendan Gallagher in Predators zone.
5:41 of 2nd period - Wrist shot by Cody Hodgson.
5:41 of 2nd period - Stopped by Viktor Fasth without a rebound.
5:42 of 2nd period - Cody Hodgson wins face-off versus Ryan Kesler in Predators zone.
6:16 of 2nd period - Alexander Edler is hit by Cody Hodgson.
6:48 of 2nd period - Wrist shot by John Carlson.
6:48 of 2nd period - Stopped by Viktor Fasth without a rebound.
6:49 of 2nd period - Derick Brassard wins face-off versus Jack Eichel in Predators zone.
7:15 of 2nd period - Andy Miele is hit by Shea Weber and loses puck.
7:22 of 2nd period - Snap shot by Tim Connolly.
7:22 of 2nd period - Shot Misses the Net.
7:26 of 2nd period - Snap shot by Tim Connolly.
7:26 of 2nd period - Stopped by Viktor Fasth without a rebound.
7:27 of 2nd period - Jack Eichel wins face-off versus Tim Connolly in Predators zone.
7:29 of 2nd period - Minor Penalty to Jaden Schwartz for Holding.
7:30 of 2nd period - Andy Miele wins face-off versus Derick Brassard in Predators zone.
8:21 of 2nd period - Off-side.
8:22 of 2nd period - Derick Brassard wins face-off versus Brendan Gallagher in neutral zone.
9:29 of 2nd period - Penalty to Jaden Schwartz is over, Jaden Schwartz is back on ice.
9:52 of 2nd period - Minor Penalty to Brendan Lemieux for Hooking.
9:53 of 2nd period - Tim Connolly wins face-off versus Ryan Kesler in Blackhawks zone.
10:04 of 2nd period - Wrist shot by Alexander Ovechkin.
10:04 of 2nd period - Shot Misses the Net.
11:52 of 2nd period - Penalty to Brendan Lemieux is over, Brendan Lemieux is back on ice.
12:45 of 2nd period - Andy Miele is hit by Gabriel Bourque and loses puck.
12:58 of 2nd period - Ryan Mcdonagh is hit by Stefan Ruzicka and loses puck.
13:16 of 2nd period - Alexander Edler is hit by Derick Brassard and loses puck.
13:43 of 2nd period - Snap shot by Mikael Granlund.
13:43 of 2nd period - Shot Blocked by Nathan Horton.
13:45 of 2nd period - Wrist shot by Jaden Schwartz.
13:45 of 2nd period - Deflect By Mikael Granlund.
13:45 of 2nd period - Shot Misses the Net.
13:45 of 2nd period - Puck is out of play.
13:46 of 2nd period - Nik Antropov wins face-off versus Tim Connolly in Blackhawks zone.
13:50 of 2nd period - Minor Penalty to Tim Connolly for Slashing.
13:51 of 2nd period - Brendan Gallagher wins face-off versus Cody Hodgson in Blackhawks zone.
13:55 of 2nd period - Wrist shot by Alexander Ovechkin.
13:55 of 2nd period - Stopped by Pekka Rinne with a rebound.
13:57 of 2nd period - Slapshot by Ryan Mcdonagh.
13:57 of 2nd period - Stopped by Pekka Rinne with a rebound.
13:59 of 2nd period - Slapshot by Alexander Ovechkin.
13:59 of 2nd period - Shot Misses the Net.
14:01 of 2nd period - Wrist shot by Ryan Kesler.
14:01 of 2nd period - Shot Misses the Net.
14:03 of 2nd period - Wrist shot by Alexander Edler.
14:03 of 2nd period - Goal by Alexander Edler - Blackhawks : 0 - Predators : 2.
14:04 of 2nd period - Derick Brassard wins face-off versus Ryan Kesler in neutral zone.
14:04 of 2nd period - Patrick Marleau is hit by Alexander Edler and loses puck.
14:14 of 2nd period - Minor Penalty to Brendan Gallagher for Holding.
14:15 of 2nd period - Andy Miele wins face-off versus Rick Nash in Predators zone.
14:55 of 2nd period - Icing by Antoine Roussel.
14:56 of 2nd period - Antoine Roussel wins face-off versus Jaden Schwartz in Blackhawks zone.
15:06 of 2nd period - Snap shot by Antoine Roussel.
15:06 of 2nd period - Shot Blocked by Nate Schmidt.
15:08 of 2nd period - Snap shot by Antoine Roussel.
15:08 of 2nd period - Stopped by Viktor Fasth with a rebound.
15:10 of 2nd period - Slapshot by Shea Weber.
15:10 of 2nd period - Stopped by Viktor Fasth with a rebound.
15:12 of 2nd period - Snap shot by Cody Hodgson.
15:12 of 2nd period - Shot Misses the Net.
15:14 of 2nd period - Snap shot by Cody Hodgson.
15:14 of 2nd period - Deflect By Antoine Roussel.
15:14 of 2nd period - Shot Misses the Net.
15:14 of 2nd period - Puck is out of play.
15:15 of 2nd period - Mark Pysyk wins face-off versus Derick Brassard in Predators zone.
15:22 of 2nd period - Minor Penalty to Patrick Marleau for Tripping.
15:23 of 2nd period - Mikael Granlund wins face-off versus Derick Brassard in Blackhawks zone.
15:34 of 2nd period - Slapshot by Alexander Edler.
15:34 of 2nd period - Stopped by Pekka Rinne with a rebound.
16:11 of 2nd period - Snap shot by Tim Connolly.
16:11 of 2nd period - Shot Misses the Net.
16:13 of 2nd period - Slapshot by Seth Jones.
16:13 of 2nd period - Stopped by Viktor Fasth with a rebound.
16:14 of 2nd period - Penalty to Brendan Gallagher is over, Brendan Gallagher is back on ice.
17:22 of 2nd period - Penalty to Patrick Marleau is over, Patrick Marleau is back on ice.
17:33 of 2nd period - Stefan Ruzicka is hit by Justin Faulk and loses puck.
17:42 of 2nd period - Wrist shot by Alex Killorn.
17:42 of 2nd period - Shot Misses the Net.
17:44 of 2nd period - Snap shot by Alex Killorn.
17:44 of 2nd period - Shot Misses the Net.
17:46 of 2nd period - Wrist shot by Mark Pysyk.
17:46 of 2nd period - Stopped by Pekka Rinne without a rebound.
17:47 of 2nd period - Andy Miele wins face-off versus Derick Brassard in Blackhawks zone.
17:48 of 2nd period - Snap shot by Justin Abdelkader.
17:48 of 2nd period - Stopped by Pekka Rinne without a rebound.
17:49 of 2nd period - Derick Brassard wins face-off versus Andy Miele in Blackhawks zone.
18:25 of 2nd period - Slapshot by Alexander Ovechkin.
18:25 of 2nd period - Deflect By Cody Hodgson.
18:25 of 2nd period - Shot Blocked by Shea Weber.
18:25 of 2nd period - Puck is out of play.
18:26 of 2nd period - Jack Eichel wins face-off versus Derick Brassard in Blackhawks zone.
18:32 of 2nd period - Minor Penalty to Jack Eichel for Slashing.
18:33 of 2nd period - Andy Miele wins face-off versus Derick Brassard in Predators zone.
Goals for this period are 0 for Blackhawks vs 1 for Predators.
Shots for this period are 11 for Blackhawks vs 7 for Predators.
3rd period
0:01 of 3rd period - Derick Brassard wins face-off versus Andy Miele in neutral zone.
0:08 of 3rd period - Wrist shot by Derick Brassard.
0:08 of 3rd period - Shot Misses the Net.
0:32 of 3rd period - Penalty to Jack Eichel is over, Jack Eichel is back on ice.
0:38 of 3rd period - Off-side.
0:39 of 3rd period - Cody Hodgson wins face-off versus Ryan Kesler in neutral zone.
1:08 of 3rd period - Snap shot by Brad Boyes.
1:08 of 3rd period - Shot Misses the Net.
1:10 of 3rd period - Slapshot by Dougie Hamilton.
1:10 of 3rd period - Shot Blocked by Justin Faulk.
1:22 of 3rd period - Justin Faulk is hit by Brad Boyes and loses puck.
1:39 of 3rd period - Slapshot by Nick Leddy.
1:39 of 3rd period - Shot Misses the Net.
1:41 of 3rd period - Wrist shot by Brad Boyes.
1:41 of 3rd period - Shot Blocked by John Moore.
1:53 of 3rd period - Slapshot by Ryan Kesler.
1:53 of 3rd period - Stopped by Pekka Rinne without a rebound.
1:54 of 3rd period - Jack Eichel wins face-off versus Derick Brassard in Blackhawks zone.
2:32 of 3rd period - Minor Penalty to Dmitri Kalinin for Unsportsmanlike conduct.
2:33 of 3rd period - Derick Brassard wins face-off versus Andy Miele in Predators zone.
2:34 of 3rd period - Slapshot by John Carlson.
2:34 of 3rd period - Shot Misses the Net.
2:49 of 3rd period - Mark Pysyk is hit by Shea Weber and loses puck.
4:12 of 3rd period - Mark Pysyk is hit by Patrick Marleau and loses puck.
4:29 of 3rd period - Byron Bitz is hit by Nick Leddy and loses puck.
4:32 of 3rd period - Penalty to Dmitri Kalinin is over, Dmitri Kalinin is back on ice.
5:33 of 3rd period - Patrick Marleau is hit by Nate Schmidt and loses puck.
6:01 of 3rd period - Justin Abdelkader is hit by Alexander Wennberg.
6:19 of 3rd period - Snap shot by Jaden Schwartz.
6:19 of 3rd period - Shot Blocked by Shea Weber.
6:37 of 3rd period - Snap shot by Ryan Mcdonagh.
6:37 of 3rd period - Stopped by Pekka Rinne with a rebound.
7:02 of 3rd period - Alexander Edler is hit by Derick Brassard and loses puck.
7:12 of 3rd period - Icing by Patrick Marleau.
7:13 of 3rd period - Ryan Kesler wins face-off versus Rick Nash in Blackhawks zone.
7:16 of 3rd period - Backhand shot by Brendan Gallagher.
7:16 of 3rd period - Shot Misses the Net.
7:18 of 3rd period - Slapshot by Nate Schmidt.
7:18 of 3rd period - Shot Blocked by Matthew Spiller.
7:20 of 3rd period - Wrist shot by Alexander Ovechkin.
7:20 of 3rd period - Shot Blocked by Patrick Marleau.
7:38 of 3rd period - Wrist shot by Brad Boyes.
7:38 of 3rd period - Deflect By Gabriel Bourque.
7:38 of 3rd period - Shot Blocked by John Moore.
7:38 of 3rd period - Puck is out of play.
7:39 of 3rd period - Andy Miele wins face-off versus Tim Connolly in Predators zone.
8:09 of 3rd period - Backhand shot by John Carlson.
8:09 of 3rd period - Shot Misses the Net.
8:11 of 3rd period - Wrist shot by Nathan Horton.
8:11 of 3rd period - Shot Misses the Net.
8:13 of 3rd period - Snap shot by Nathan Horton.
8:13 of 3rd period - Stopped by Viktor Fasth with a rebound.
8:21 of 3rd period - Minor Penalty to Ryan Kesler for Hooking.
8:22 of 3rd period - Derick Brassard wins face-off versus Andy Miele in Predators zone.
10:21 of 3rd period - Penalty to Ryan Kesler is over, Ryan Kesler is back on ice.
10:27 of 3rd period - Snap shot by Ryan Kesler.
10:27 of 3rd period - Stopped by Pekka Rinne without a rebound.
10:28 of 3rd period - Jack Eichel wins face-off versus Brendan Lemieux in Blackhawks zone.
10:29 of 3rd period - Wrist shot by Jaden Schwartz.
10:29 of 3rd period - Shot Blocked by Alexander Wennberg.
10:31 of 3rd period - Snap shot by Mikael Granlund.
10:31 of 3rd period - Deflect By Nick Leddy.
10:31 of 3rd period - Shot Hit the Post.
10:31 of 3rd period - Puck is out of play.
10:32 of 3rd period - Brendan Lemieux wins face-off versus Jack Eichel in Blackhawks zone.
10:49 of 3rd period - Snap shot by Brendan Lemieux.
10:49 of 3rd period - Stopped by Viktor Fasth with a rebound.
11:09 of 3rd period - Jack Eichel is hit by Brendan Lemieux and loses puck.
12:06 of 3rd period - Wrist shot by Mikael Granlund.
12:06 of 3rd period - Shot Misses the Net.
12:08 of 3rd period - Slapshot by Nate Schmidt.
12:08 of 3rd period - Shot Misses the Net.
12:10 of 3rd period - Slapshot by Nate Schmidt.
12:10 of 3rd period - Stopped by Pekka Rinne without a rebound.
12:11 of 3rd period - Derick Brassard wins face-off versus Ryan Kesler in Blackhawks zone.
12:37 of 3rd period - Patrick Marleau is hit by Alexander Edler and loses puck.
13:03 of 3rd period - Icing by Ryan Mcdonagh.
13:04 of 3rd period - Andy Miele wins face-off versus Cody Hodgson in Predators zone.
13:12 of 3rd period - Icing by Dougie Hamilton.
13:13 of 3rd period - Cody Hodgson wins face-off versus Ryan Kesler in Blackhawks zone.
13:22 of 3rd period - Snap shot by Antoine Roussel.
13:22 of 3rd period - Shot Misses the Net.
13:24 of 3rd period - Minor Penalty to Justin Faulk for Boarding.
13:25 of 3rd period - Andy Miele wins face-off versus Derick Brassard in Predators zone.
13:36 of 3rd period - Ryan Mcdonagh is hit by Derick Brassard and loses puck.
14:01 of 3rd period - Snap shot by Brad Boyes.
14:01 of 3rd period - Goal by Brad Boyes - Blackhawks : 1 - Predators : 2.
14:02 of 3rd period - Ryan Kesler wins face-off versus Derick Brassard in neutral zone.
14:34 of 3rd period - Wrist shot by Gabriel Bourque.
14:34 of 3rd period - Stopped by Viktor Fasth with a rebound.
14:40 of 3rd period - Slapshot by John Carlson.
14:40 of 3rd period - Deflect By Brad Boyes.
14:40 of 3rd period - Stopped by Viktor Fasth with a rebound.
14:42 of 3rd period - Snap shot by Brad Boyes.
14:42 of 3rd period - Stopped by Viktor Fasth with a rebound.
14:54 of 3rd period - Snap shot by Mikael Granlund.
14:54 of 3rd period - Shot Misses the Net.
14:56 of 3rd period - Wrist shot by Mikael Granlund.
14:56 of 3rd period - Stopped by Pekka Rinne without a rebound.
14:57 of 3rd period - Jack Eichel wins face-off versus Derick Brassard in Blackhawks zone.
15:35 of 3rd period - Tim Connolly is hit by Justin Abdelkader and loses puck.
15:52 of 3rd period - Wrist shot by Antoine Roussel.
15:52 of 3rd period - Stopped by Viktor Fasth without a rebound.
15:53 of 3rd period - Nik Antropov wins face-off versus Nathan Horton in Predators zone.
16:18 of 3rd period - Cody Hodgson is hit by Brendan Gallagher and loses puck.
16:31 of 3rd period - Cody Hodgson is hit by Ryan Kesler and loses puck.
17:03 of 3rd period - Mikael Granlund is hit by Nick Leddy and loses puck.
17:26 of 3rd period - Snap shot by Mark Pysyk.
17:26 of 3rd period - Shot Misses the Net.
17:48 of 3rd period - Wrist shot by Brendan Gallagher.
17:48 of 3rd period - Shot Misses the Net.
17:50 of 3rd period - Wrist shot by Alexander Ovechkin.
17:50 of 3rd period - Stopped by Pekka Rinne with a rebound.
18:06 of 3rd period - Slapshot by John Carlson.
18:06 of 3rd period - Stopped by Viktor Fasth without a rebound.
18:07 of 3rd period - Andy Miele wins face-off versus Tim Connolly in Predators zone.
18:34 of 3rd period - Ryan Mcdonagh is hit by Shea Weber and loses puck.
18:45 of 3rd period - Shea Weber is hit by Mark Pysyk.
18:55 of 3rd period - Blackhawks, Pekka Rinne is pulled from the net.
19:13 of 3rd period - Wrist shot by Patrick Marleau.
19:13 of 3rd period - Deflect By Mark Pysyk.
19:13 of 3rd period - Stopped by Viktor Fasth with a rebound.
19:15 of 3rd period - Snap shot by Shea Weber.
19:15 of 3rd period - Stopped by Viktor Fasth without a rebound.
19:16 of 3rd period - John Tortorella call a timeout for Blackhawks.
19:16 of 3rd period - Derick Brassard wins face-off versus Andy Miele in Predators zone.
19:29 of 3rd period - Snap shot by Rick Nash.
19:29 of 3rd period - Shot Misses the Net.
19:31 of 3rd period - Wrist shot by Shea Weber.
19:31 of 3rd period - Goal by Shea Weber - Blackhawks : 2 - Predators : 2.
19:31 of 3rd period - Pekka Rinne from Blackhawks was sent back in the game.
19:32 of 3rd period - Andy Miele wins face-off versus Tim Connolly in neutral zone.
Goals for this period are 2 for Blackhawks vs 0 for Predators.
Shots for this period are 11 for Blackhawks vs 6 for Predators.
Overtime #1
0:01 of 1st overtime period - Derick Brassard wins face-off versus Mikael Granlund in neutral zone.
0:10 of 1st overtime period - Snap shot by Derick Brassard.
0:10 of 1st overtime period - Shot Blocked by Alexander Edler.
0:47 of 1st overtime period - Slapshot by Justin Faulk.
0:47 of 1st overtime period - Shot Blocked by Patrick Marleau.
0:49 of 1st overtime period - Snap shot by Brendan Gallagher.
0:49 of 1st overtime period - Goal by Brendan Gallagher - Blackhawks : 2 - Predators : 3.
Goals for this period are 0 for Blackhawks vs 1 for Predators.
Shots for this period are 0 for Blackhawks vs 1 for Predators.